 Dungeon Crawl Stone Soup version 0.24.0-37-gcf1ca852f1 (webtiles) character file.

Game seed: 9342380604633716974, levelgen mode: deterministic

128 FishyPogo the Insei (level 5, -1/40 HPs)
             Began as a Gnoll Transmuter on Nov 24, 2019.
             Was an Initiate of Elyvilon.
             Slain by a river rat (3 damage)
             ... summoned by Eustachio
             ... on level 4 of the Dungeon.
             The game lasted 00:07:23 (1239 turns).

FishyPogo the Insei (Gnoll Transmuter)              Turns: 1239, Time: 00:07:24

Health: -1/40      AC:  5    Str: 14    XL:     5   Next: 11%
Magic:  7/12       EV: 23    Int: 15    God:    Elyvilon [......]
Gold:   92         SH:  0    Dex: 20    Spells: 10/14 levels left

rFire    . . .     SeeInvis .     - Unarmed
rCold    . . .     Gourm    .   (shield currently unavailable)
rNeg     . . .     Faith    .   (armour currently unavailable)
rPois    x         Spirit   .   (helmet currently unavailable)
rElec    .         Reflect  .   (cloak currently unavailable)
rCorr    .         Harm     .   (gloves currently unavailable)
MR       .....                  (boots currently unavailable)
Stlth    ++........             (no amulet)
HPRegen  0.13/turn              c - +3 ring of protection
MPRegen  0.13/turn              m - ring of flight

@: spider-form
A: tiny, distributed training, strong nose
a: End Transformation, Renounce Religion, Evoke Flight


You were on level 4 of the Dungeon.
You worshipped Elyvilon.
Elyvilon was noncommittal.
You were hungry.
You were a venomous arachnid creature.
You visited 1 branch of the dungeon, and saw 4 of its levels.

You collected 92 gold pieces.

Inventory:

Hand Weapons
 i - a +0 dagger (melded)
Missiles
 a - 31 arrows
 g - 24 stones (quivered)
 p - 2 javelins
Armour
 b - a +0 robe (melded)
 q - a +1 pair of gloves (melded)
Magical Staves
 t - an uncursed staff of fire
Jewellery
 c - a +3 ring of protection (left front leg)
 m - a ring of flight (right front leg)
Scrolls
 e - 4 scrolls of identify
 r - 2 scrolls of enchant armour
Potions
 n - a potion of agility {unknown}
 s - a potion of curing {unknown}
 u - 2 potions of cancellation
Comestibles
 d - 3 rations
 l - 8 chunks of flesh


   Skills:
 + Level 2.9 Fighting
 + Level 1.3 Short Blades
 + Level 1.3 Long Blades
 + Level 1.3 Axes
 + Level 1.3 Maces & Flails
 + Level 1.3 Polearms
 + Level 1.3 Staves
 + Level 1.3 Slings
 + Level 1.3 Bows
 + Level 1.3 Crossbows
 + Level 1.3 Throwing
 + Level 1.3 Armour
 + Level 4.7 Dodging
 + Level 1.3 Stealth
 + Level 1.3 Shields
 + Level 6.6 Unarmed Combat
 + Level 5.1 Spellcasting
 + Level 1.1 Conjurations
 + Level 1.1 Hexes
 + Level 1.1 Charms
 + Level 1.1 Summonings
 + Level 1.1 Necromancy
 + Level 1.1 Translocations
 + Level 3.9 Transmutations
 + Level 1.1 Fire Magic
 + Level 1.1 Ice Magic
 + Level 1.1 Air Magic
 + Level 1.1 Earth Magic
 + Level 1.1 Poison Magic
 + Level 1.5 Invocations
 + Level 1.3 Evocations


You had 10 spell levels left.
You knew the following spells:

 Your Spells              Type           Power        Failure   Level  Hunger
u - Spider Form           Tmut/Pois      ##........   36%         3    ###....
y - Beastly Appendage     Tmut           ###...       11%         1    None

Your spell library contained the following spells:

 Spells                   Type           Power        Failure   Level  Hunger
 Sticks to Snakes         Tmut           ###.....     14%         2    ##.....
 Ice Form                 Ice/Tmut       ##......     71%         4    ####...
 Blade Hands              Tmut           ###.......   83%         5    ######.


Dungeon Overview and Level Annotations

Branches:
Dungeon (4/15)
 Temple: D:4-7

Altars:
Elyvilon
Fedhas

Shops:
D:4 [

Annotations:
D:4 Eustachio


Innate Abilities, Weirdness & Mutations

Your experience applies equally to all skills.
((You have very sharp teeth.))
Your uncanny sense of smell can sniff out nearby items.


Message History

The bat closely misses you. x2
Your transformation has ended.
Your +0 dagger unmelds from your body.
Your +1 pair of gloves unmelds from your body.
Your +0 robe unmelds from your body.
The bat closely misses you.
The iron imp disappears for a moment.
Casting: Spider Form (safe; 17% risk of failure)
Confirm with . or Enter, or press ? or * to list all spells.
You turn into a venomous arachnid creature.
Your +0 dagger melds into your body.
Your +1 pair of gloves melds into your body.
Your +0 robe melds into your body.
The bat completely misses you. x2
The river rat completely misses you. Eustachio hits you with a +0 falchion.
* * * LOW HITPOINT WARNING * * *
You barely miss Eustachio.
Eustachio is moderately wounded.
The quokka bites you.
* * * LOW HITPOINT WARNING * * *
The river rat bites you.
You die...

##..## #...#
#...# #.#.# #...#
#..## . ##†b# ∆.#
..### #.rr# ...
#....##†#s#....§
###..†_@5#.....
#.....5S...... ∆
##.##.....###.#
#.........###.#
........#.....#
#.......####.###
........###...<#
.........†..##..#
#..o


You could see Eustachio, an iron imp, a river rat, a shadow imp, a quokka, a bat
and a ball python.

Vanquished Creatures
  A howler monkey (D:4)
  A worker ant (D:4)
  2 adders (D:3)
  A dart slug (D:2)
  2 leopard geckos (D:2)
  An orc (D:3)
  2 giant cockroaches
  4 goblins
  3 hobgoblins (D:2)
  4 jackals (D:2)
  2 quokkas (D:2)
  4 bats
  6 frilled lizards
  4 kobolds (D:2)
  3 rats
40 creatures vanquished.

Notes
Turn   | Place    | Note
-------+----------+-------------------------------------------
     0 | D:1      | FishyPogo the Gnoll Transmuter began the quest for the Orb.
     0 | D:1      | Reached XP level 1. HP: 17/17 MP: 6/6
    35 | D:1      | You fall into a shaft and drop 1 floor!
   141 | D:2      | Reached XP level 2. HP: 10/23 MP: 7/7
   595 | D:2      | Found a blossoming altar of Fedhas.
   672 | D:2      | Reached XP level 3. HP: 18/28 MP: 9/9
   680 | D:2      | Learned a level 3 spell: Spider Form
   708 | D:2      | Reached skill level 5 in Spellcasting
   862 | D:3      | Reached skill level 1 in Invocations
  1026 | D:4      | Reached skill level 1 in Short Blades
  1026 | D:4      | Reached skill level 1 in Long Blades
  1026 | D:4      | Reached skill level 1 in Axes
  1026 | D:4      | Reached skill level 1 in Maces & Flails
  1026 | D:4      | Reached skill level 1 in Polearms
  1026 | D:4      | Reached skill level 1 in Staves
  1026 | D:4      | Reached skill level 1 in Slings
  1026 | D:4      | Reached skill level 1 in Bows
  1026 | D:4      | Reached skill level 1 in Crossbows
  1026 | D:4      | Reached skill level 1 in Throwing
  1026 | D:4      | Reached skill level 1 in Armour
  1026 | D:4      | Reached skill level 1 in Stealth
  1026 | D:4      | Reached skill level 1 in Shields
  1026 | D:4      | Reached skill level 1 in Evocations
  1026 | D:4      | Reached XP level 4. HP: 28/34 MP: 11/11
  1175 | D:4      | Noticed Eustachio
  1180 | D:4      | Found Ezoqiat's Armour Boutique.
  1180 | D:4      | Found a white marble altar of Elyvilon.
  1188 | D:4      | Became a worshipper of Elyvilon the Healer
  1196 | D:4      | Reached skill level 1 in Conjurations
  1196 | D:4      | Reached skill level 1 in Hexes
  1196 | D:4      | Reached skill level 1 in Charms
  1196 | D:4      | Reached skill level 1 in Summonings
  1196 | D:4      | Reached skill level 1 in Necromancy
  1196 | D:4      | Reached skill level 1 in Translocations
  1196 | D:4      | Reached skill level 1 in Fire Magic
  1196 | D:4      | Reached skill level 1 in Ice Magic
  1196 | D:4      | Reached skill level 1 in Air Magic
  1196 | D:4      | Reached skill level 1 in Earth Magic
  1196 | D:4      | Reached skill level 1 in Poison Magic
  1196 | D:4      | Reached XP level 5. HP: 25/40 MP: 8/12
  1239 | D:4      | HP: 2/40 [quokka[Eustachio] (4)]
  1239 | D:4      | Slain by a river rat

Levels and vault maps discovered:
D:1:      dpeg_arrival_shrine, layout_rooms
D:2:      layout_loops_ring, marbit_many_paths
D:3:      layout_basic, grunt_qazlal_sundering, minmay_misc_feat_five,
          nemelex_lonely_heart_becter
D:4:      layout_rooms, overflow_temple_1_default, kennysheep_mini_moat,
          serial_shops, nicolae_shop_statue_plus, gup_sewer_entry_bubbles,
          hex_medium, bloody_trog, uniq_eustachio

Skill      XL: |  1  2  3  4 |
---------------+-------------+-----
Spellcasting   | 5 |  5.1
Invocations    | 1 |  1.5
Short Blades   | 1 |  1.3
Long Blades    | 1 |  1.3
Axes           | 1 |  1.3
Maces & Flails | 1 |  1.3
Polearms       | 1 |  1.3
Staves         | 1 |  1.3
Slings         | 1 |  1.3
Bows           | 1 |  1.3
Crossbows      | 1 |  1.3
Throwing       | 1 |  1.3
Armour         | 1 |  1.3
Stealth        | 1 |  1.3
Shields        | 1 |  1.3
Evocations     | 1 |  1.3
Conjurations   | 1 |  1.1
Hexes          | 1 |  1.1
Charms         | 1 |  1.1
Summonings     | 1 |  1.1
Necromancy     | 1 |  1.1
Translocations | 1 |  1.1
Fire Magic     | 1 |  1.1
Ice Magic      | 1 |  1.1
Air Magic      | 1 |  1.1
Earth Magic    | 1 |  1.1
Poison Magic   | 1 |  1.1
Fighting       | |  2.9
Dodging        | |  4.7
Unarmed Combat | |  6.6
Transmutations | |  3.9

Action                   |  1- 3 |  4- 6 || total
-------------------------+-------+-------++-------
Melee: Dagger            |   130 |    29 ||   159
       Unarmed           |    11 |    27 ||    38
       Headbutt          |    10 |     1 ||    11
       Bite              |     7 |     2 ||     9
       Punch             |     3 |     1 ||     4
       Kick              |    19 |     1 ||    20
Throw: Stone             |     1 |       ||     1
 Cast: Beastly Appendage |    13 |     2 ||    15
       Spider Form       |       |     3 ||     3
 Abil: Evoke Flight      |       |     1 ||     1
  Use: Scroll            |     4 |     2 ||     6
       Potion            |     1 |       ||     1
 Stab: Sleeping          |     3 |     2 ||     5
  Eat: Chunk             |       |     1 ||     1
Armor: Robe              |    31 |    12 ||    43
       Skin              |       |     6 ||     6
Dodge: Dodged            |   123 |    93 ||   216
